AoeStats
← Covid19

Arabia

504726747Analyzed
1v1 RM · 26d ago on Sep 6, 2026· 41m 45s· 2 players
Game mode
Random Map
Map size
Tiny (2 player)
Population
200
Speed
Normal
Resources
Standard
Victory
Conquest
Starting age
Dark Age
Ending age
Imperial Age
RankedLock teamsTeams togetherTeam positionsShared explorationLock speedFull tech treeHidden civsTurbo modeCheats
Victory
Defeat
🇧🇷 Inca · Brazil
1185
+15
🇩🇪 Magyars · Germany
1160
-15
Covid19
7:12 Loom
9:57 Feudal Age
10:42 Double-Bit Axe
13:44 Horse Collar
16:24 Fletching
22:54 Castle Age
21:20 Gold Mining
23:37 Bloodlines
23:37 Scale Barding Armor
23:52 Bow Saw
24:49 Chain Barding Armor
25:56 Stone Mining
29:04 Heavy Plow
29:43 Bodkin Arrow
39:22 Imperial Age
38:32 Gold Shaft Mining
41:09 Wheelbarrow
41:13 Ballistics
42:47 Chemistry
BelmontY
6:31 Loom
8:47 Feudal Age
9:45 Double-Bit Axe
10:15 Champi Runner
15:28 Scale Mail Armor
20:13 Castle Age
19:45 Gold Mining
19:36 Horse Collar
21:30 Bow Saw
20:42 Champi Warrior
21:53 Forging
23:43 Chain Mail Armor
23:37 Arson
23:54 Squires
26:31 Pikeman
30:51 Heavy Plow
31:27 Gold Shaft Mining
31:48 Wheelbarrow
33:10 Iron Casting
35:45 Imperial Age
35:24 Hand Cart
36:39 Fabric Shields
37:01 Conscription
36:23 Elite Champi Warrior
37:44 Gold Shaft Mining
39:29 Blast Furnace
38:59 Plate Mail Armor
39:25 Fletching
41:57 Chemistry
41:17 Ballistics
40:39 Treadmill Crane
Connection lost

Rejoining the realm…

Still unreachable

The connection could not be restored.

Session expired

The server has moved on; the page needs a fresh start.